 Dungeon Crawl Stone Soup version 0.23.2-40-g277498a001 (webtiles) character file.

Game seed: 15478347458580006623

179 Amplified the Conjurer (level 5, -7/38 HPs)
             Began as a Demonspawn Fire Elementalist on Sept 5, 2019.
             Mangled by an orc priest
             ... wielding a +0 short sword of electrocution
              (10 damage)
             ... on level 4 of the Dungeon.
             The game lasted 00:04:51 (3131 turns).

Amplified the Conjurer (DsFE)                       Turns: 3131, Time: 00:04:51

Health: -7/38      AC:  8    Str:  8    XL:     5   Next: 33%
Magic:  8/8        EV: 12    Int: 18    God:
Gold:   115        SH:  0    Dex: 13    Spells: 5/8 levels left

rFire    . . .     SeeInvis .   d - +2 dagger (drain)
rCold    . . .     Gourm    .   (no shield)
rNeg     . . .     Faith    .   a - +1 robe
rPois    .         Spirit   .   (no helmet)
rElec    .         Reflect  .   j - +0 cloak
rCorr    .         Harm     .   (no gloves)
MR       .....                  (no boots)
Stlth    ++........             (no amulet)
HPRegen  0.12/turn              (no ring)
MPRegen  0.11/turn              (no ring)

@: no status effects
A: hooves 1, iridescent scales 2
a: no special abilities


You were on level 4 of the Dungeon.
You were not hungry.

You visited 1 branch of the dungeon, and saw 4 of its levels.

You collected 115 gold pieces.

Inventory:

Hand Weapons
 b - a +0 blowgun
 d - a +2 dagger of draining (weapon)
 i - a +0 short sword of distortion
 t - a cursed -2 dagger
Missiles
 e - 3 tomahawks (quivered)
 h - a throwing net
 p - 21 poisoned needles
Armour
 a - a +1 robe (worn)
 j - a +0 cloak (worn)
Jewellery
 k - an uncursed ring of wizardry
 v - an uncursed ring of resist corrosion {unknown}
Wands
 n - a wand of polymorph (6)
Scrolls
 m - a scroll of teleportation
 o - a scroll of fog
 w - 2 scrolls of magic mapping
Potions
 l - a potion of flight
 q - a potion of ambrosia {unknown}
 r - a potion of cancellation {unknown}
 s - a potion of heal wounds {unknown}
 u - a potion of brilliance {unknown}
Comestibles
 c - 6 rations
 x - 3 chunks of flesh


   Skills:
 + Level 2.0 Fighting
 * Level 2.3 Short Blades
 - Level 1.7 Dodging
 - Level 1.7 Stealth
 - Level 2.2 Spellcasting
 * Level 2.8 Conjurations
 - Level 2.7 Fire Magic
 * Level 1.7 Evocations


You had 5 spell levels left.
You knew the following spells:

 Your Spells              Type           Power        Failure   Level  Hunger
a - Flame Tongue          Conj/Fire      ##...        5%          1    #......
b - Throw Flame           Conj/Fire      ##....       9%          2    ##.....

Your spell library contained the following spells:

 Spells                   Type           Power        Failure   Level  Hunger
 Conjure Flame            Conj/Fire      ##......     17%         3    ###....
 Inner Flame              Hex/Fire       #.......     30%         3    ###....
 Sticky Flame             Conj/Fire      ##......     50%         4    #####..
 Fireball                 Conj/Fire      ##........   83%         5    ######.


Dungeon Overview and Level Annotations

Branches:
Dungeon (4/15)
 Temple: D:4-7

Altars:


Innate Abilities, Weirdness & Mutations

You have large cloven feet.
You are mostly covered in iridescent scales. (AC +4)


Message History

Pain shoots through your body!
* * * LOW HITPOINT WARNING * * *
Okay, then.
The orc priest calls down the wrath of Beogh upon you.
Pain shoots through your body!
* * * LOW HITPOINT WARNING * * *
Evoke which item? (* to show all) (? for menu, Esc to quit)
Aiming: Polymorph
Press: ? - help, Shift-Dir - straight line, f/p - orc priest
Aim: an orc priest, wielding a +0 short sword of electrocution and wearing a +0 chain mail (severely wounded, heavily drained, chance to defeat MR: 57%)
The orc priest resists with significant effort.
Unknown command.
Evoke which item? (* to show all) (? for menu, Esc to quit)
Aiming: Polymorph
Press: ? - help, Shift-Dir - straight line, f/p - orc priest
Aim: an orc priest, wielding a +0 short sword of electrocution and wearing a +0 chain mail (severely wounded, heavily drained, chance to defeat MR: 57%)
The orc priest resists with significant effort.
The orc priest hits you but does no damage.
You are electrocuted!
You die...

##.####.## #.##.#
##.#....# #.##$#
##..###.## #.##.#
##.####..# #.##.#
.........########.##.#
##................##)#
##.#[#.############†#
##...## ##########.#
##.#####.....@o.o.#
#.......##########
#########


You could see an orc priest and an orc.

Vanquished Creatures
  3 gnolls (D:2)
  6 adders
  A worm (D:2)
  A dart slug (D:1)
  A leopard gecko (D:3)
  8 orcs
  5 bats
  7 giant cockroaches
  8 goblins
  12 hobgoblins
  6 jackals
  2 quokkas (D:3)
  5 ball pythons
  3 frilled lizards
  6 kobolds
  4 rats
78 creatures vanquished.

Notes
Turn   | Place    | Note
-------+----------+-------------------------------------------
     0 | D:1      | Amplified the Demonspawn Fire Elementalist began the quest
                  | for the Orb.
     0 | D:1      | Reached XP level 1. HP: 13/13 MP: 3/3
   149 | D:1      | Gained mutation: You are partially covered in iridescent
                  | scales. (AC +2) [demonic ancestry]
   149 | D:1      | Reached XP level 2. HP: 18/20 MP: 5/5
   559 | D:1      | Reached skill level 1 in Fighting
   669 | D:1      | Reached skill level 1 in Short Blades
   750 | D:1      | Gained mutation: You are mostly covered in iridescent
                  | scales. (AC +4) [demonic ancestry]
   750 | D:1      | Reached XP level 3. HP: 24/26 MP: 6/6
   764 | D:1      | Learned a level 2 spell: Throw Flame
  1542 | D:2      | Reached XP level 4. HP: 32/32 MP: 7/7
  1901 | D:2      | Reached skill level 1 in Evocations
  2638 | D:3      | Gained mutation: You have large cloven feet. [demonic
                  | ancestry]
  2638 | D:3      | Reached XP level 5. HP: 29/38 MP: 8/8
  3131 | D:4      | Mangled by an orc priest

Skill      XL: |  1  2  3  4  5 |
---------------+----------------+-----
Fighting       | 1 2 |  2.0
Short Blades   | 1 2 |  2.3
Conjurations   | 2 |  2.8
Evocations     | 1 |  1.7
Dodging        | |  1.7
Stealth        | |  1.7
Spellcasting   | |  2.2
Fire Magic     | |  2.7

Action                   |  1- 3 |  4- 6 || total
-------------------------+-------+-------++-------
Melee: Dagger            |    90 |   131 ||   221
       Kick              |       |     5 ||     5
Throw: Tomahawk          |     4 |       ||     4
 Cast: Flame Tongue      |     4 |       ||     4
Evoke: Wand              |     1 |     5 ||     6
  Use: Scroll            |     5 |     8 ||    13
       Potion            |       |     2 ||     2
 Stab: Sleeping          |     3 |     2 ||     5
  Eat: Chunk             |     2 |     5 ||     7
Armor: Robe              |    22 |    54 ||    76
Dodge: Dodged            |    54 |    66 ||   120
